 Dungeon Crawl Stone Soup version 0.26.0-16-gc1dbca0489 (webtiles) character file.

Game seed: 16199243593631836988

3185 112233 the Spear-Bearer (level 9, -6/64 HPs)
             Began as an Octopode Fighter on Jan 18, 2021.
             Was an Initiate of Gozag.
             Mangled by Harold
             ... wielding a +4 glaive of protection
              (19 damage)
             ... on level 7 of the Dungeon.
             The game lasted 00:06:49 (7872 turns).

112233 the Spear-Bearer (Octopode Fighter)          Turns: 7872, Time: 00:06:49

Health: -6/64      AC:  1    Str: 15 (17) XL:     9   Next: 95%
Magic:  9/9        EV: 14    Int:  8 (11) God:    Gozag
Gold:   270        SH:  8    Dex: 10 (12) Spells: 8/8 levels left

rFire    + . .     SeeInvis .   a - +0 trident
rCold    + . .     Faith    .   b - +0 kite shield
rNeg     . . .     Spirit   .   (helmet restricted)
rPois    +         Reflect  .   (no amulet)
rElec    +         Harm     .   f - +4 ring of slaying
rCorr    +         Rampage  .   (no ring)
Will     .....                  (no ring)
Stlth    ++........             (no ring)
HPRegen  0.20/turn              (no ring)
MPRegen  0.11/turn              (no ring)
                                (no ring)
                                (no ring)

@: resistant
A: almost no armour, stealthy swim, amphibious, 8 rings, constrict 8, camouflage
1, gelatinous body 1
a: Renounce Religion, Potion Petition, Call Merchant, Bribe Branch


You were on level 7 of the Dungeon.
You worshipped Gozag.
Gozag was aware of your devotion.
You visited 2 branches of the dungeon, and saw 8 of its levels.

You collected 566 gold pieces.
You spent 186 gold pieces at shops.
You paid 110 gold pieces to Gozag.

Inventory:

Hand Weapons
 a - a +0 trident (weapon)
Missiles
 c - 4 throwing nets {!f}
 q - 26 poisoned darts (quivered)
Armour
 b - a +0 kite shield (worn)
 B - a +0 hat
Jewellery
 f - a +4 ring of slaying (left tentacle)
 p - an uncursed amulet of regeneration {unknown}
Wands
 v - a wand of polymorph (6)
 y - a wand of iceblast (11)
 D - a wand of digging (6)
 G - a wand of random effects (13)
Scrolls
 g - 4 scrolls of amnesia {unknown}
 i - 6 scrolls of teleportation {unknown}
 j - a scroll of blinking {unknown}
 k - 7 scrolls of fear {unknown}
 l - 4 scrolls of immolation {unknown}
 m - 8 scrolls of identify {unknown}
 s - a scroll of enchant weapon {unknown}
 x - 4 scrolls of random uselessness {unknown}
 z - a scroll of noise {unknown}
 A - 2 scrolls of fog {unknown}
 C - 2 scrolls of magic mapping {unknown}
 F - 2 scrolls of remove curse {unknown}
Potions
 d - 3 potions of heal wounds {unknown}
 h - a potion of resistance
 n - 2 potions of degeneration
 o - a potion of berserk rage {unknown}
 r - a potion of mutation {unknown}
 t - 2 potions of invisibility {unknown}
 u - 2 potions of ambrosia {unknown}
 w - 4 potions of brilliance {unknown}
 E - a potion of flight {unknown}


   Skills:
 + Level 7.4 Fighting
 * Level 9.9 Polearms
 + Level 7.4 Dodging
 - Level 3.0 Shields


You had 8 spell levels left.
You didn't know any spells.
Your spell library contained the following spells:

 Spells                   Type           Power        Failure   Level
 Animate Skeleton         Necr           0%           90%         1
 Pain                     Necr           0%           90%         1
 Vampiric Draining        Necr           0%           99%         3
 Animate Dead             Necr           0%           100%        4
 Agony                    Necr           0%           100%        5


Dungeon Overview and Level Annotations

Branches:
Dungeon (7/15)             Temple (1/1) D:6

Altars:
Ashenzari
Cheibriados
Elyvilon
Fedhas
Gozag
Hepliaklqana
Kikubaaqudgha
Makhleb
Nemelex Xobeh
Okawaru
Qazlal
Ru
Sif Muna
Trog
Uskayaw
Vehumet
Xom
Zin
The Shining One

Shops:
D:4 *

Annotations:
D:3 2 transporters
D:7 Harold


Innate Abilities, Weirdness & Mutations

You cannot wear most types of armour.
You are very stealthy in the water. (Stealth+)
You are amphibious.
You can wear up to eight rings at the same time.
You can use your tentacles to constrict eight enemies at once.
Your skin changes colour to match your surroundings (Stealth+).
Your rubbery body absorbs attacks. (AC +1, EV +1)


Message History

Okay, then.
You feel better.
You constrict Harold, but do no damage.
The killer bee is no longer distracted by gold.
Harold barely misses you.
Unknown command.
You feel better.
You constrict Harold.
Harold hits you with a +4 glaive of protection.
* * * LOW HITPOINT WARNING * * *
Unknown command.
It was a potion of degeneration.
There was something very wrong with that liquid.
You feel weakened.
You feel dopey.
You feel clumsy.
You constrict Harold.
Unknown command.
It was a potion of resistance.
You feel protected.
You constrict Harold, but do no damage.
Harold hits you with a +4 glaive of protection!!
You die...
Your body crumbles into a pile of gold.

#.# #.# #.#
####### #.#
....... #.#
....... #.#
....... #.#
.?..... #.#
.....y.
#@#######.......
#.@yyy$........y
#########......y
....... .......
..$.... #######


You could see Harold and 3 killer bees.

Vanquished Creatures
  Pikel (D:6)
  Sigmund (D:6)
  Eustachio (D:6)
  3 yaks (D:7)
  Menkaure (D:4)
  Edmund (D:5)
  Duvessa (D:7)
  A sky beast (D:6)
  2 ogres (D:5)
  2 centaurs (D:6)
  A gnoll sergeant (D:6)
  Dowan (D:7)
  2 scorpions
  2 killer bees (D:7)
  A howler monkey (D:6)
  4 vampire bats (D:5)
  2 quasits
  2 hounds
  2 jellies
  An orc priest (D:7)
  2 centaur skeletons
  2 iguanas
  2 orc wizards
  Natasha (D:4)
  2 worker ants (D:5)
  3 hound skeletons
  Robin (D:3)
  7 adders
  8 gnolls
  A howler monkey skeleton (D:7)
  A white imp (D:6)
  4 worms
  A dart slug (D:1)
  3 leopard geckos
  5 orcs
  A ball python (D:4)
  8 bats
  2 giant cockroaches (D:3)
  13 goblins
  9 hobgoblins
  8 jackals
  A quokka (D:2)
  3 frilled lizards
  A jackal skeleton (D:4)
  5 kobolds
  7 rats
133 creatures vanquished.

Notes
Turn   | Place    | Note
-------+----------+-------------------------------------------
     0 | D:1      | 112233 the Octopode Fighter began the quest for the Orb.
     0 | D:1      | Reached XP level 1. HP: 16/16 MP: 1/1
   237 | D:2      | Reached XP level 2. HP: 21/21 MP: 2/2
   310 | D:2      | You fall into a shaft and drop 1 floor!
   673 | D:2      | Reached XP level 3. HP: 26/26 MP: 3/3
   731 | D:4      | Noticed Menkaure
   773 | D:5      | Entered Level 5 of the Dungeon
   778 | D:5      | Reached skill level 3 in Polearms
  1091 | D:5      | Reached XP level 4. HP: 24/31 MP: 4/4
  1194 | D:5      | Reached XP level 5. HP: 14/37 MP: 5/5
  1199 | D:5      | Reached skill level 4 in Polearms
  1649 | D:5      | Found a broken altar of Ashenzari.
  1664 | D:5      | Found a bloodstained altar of Trog.
  1879 | D:5      | Found a burning altar of Makhleb.
  1890 | D:5      | Found an ancient bone altar of Kikubaaqudgha.
  1922 | D:5      | Reached XP level 6. HP: 33/43 MP: 6/6
  2362 | D:5      | Reached skill level 5 in Polearms
  2805 | D:5      | Reached XP level 7. HP: 49/49 MP: 7/7
  3060 | D:4      | Noticed Edmund
  3075 | D:5      | Killed Edmund
  3139 | D:5      | Reached skill level 5 in Fighting
  3139 | D:5      | Reached skill level 6 in Polearms
  3139 | D:5      | Reached skill level 5 in Dodging
  3252 | D:6      | Reached XP level 8. HP: 46/55 MP: 8/8
  3321 | D:6      | Noticed Eustachio
  3331 | D:6      | Killed Eustachio
  3335 | D:6      | Found a stormy altar of Qazlal.
  3402 | D:6      | Reached skill level 7 in Polearms
  3672 | D:6      | Noticed Pikel
  3680 | D:6      | Killed Pikel
  3681 | D:6      | Reached skill level 8 in Polearms
  3681 | D:6      | Reached XP level 9. HP: 13/63 MP: 9/9
  4173 | D:6      | Found a staircase to the Ecumenical Temple.
  4184 | Temple   | Entered the Ecumenical Temple
  4434 | D:6      | Noticed Sigmund
  4441 | D:6      | Killed Sigmund
  4479 | D:6      | Found a snail-covered altar of Cheibriados.
  4906 | D:4      | Found Suruuh's Assorted Antiques.
  4930 | D:4      | Killed Menkaure
  4931 | D:4      | Reached skill level 9 in Polearms
  5142 | D:4      | Noticed Natasha
  5148 | D:4      | Killed Natasha
  5375 | D:3      | Found a transporter.
  5460 | D:3      | Found a transporter.
  5535 | D:3      | Found an opulent altar of Gozag.
  5535 | D:3      | Found a sparkling altar of Nemelex Xobeh.
  5595 | D:3      | Became a worshipper of Gozag Ym Sagoz the Greedy
  6016 | D:2      | Noticed Robin
  6943 | D:3      | Killed Robin
  6973 | D:2      | Found a glowing silver altar of Zin.
  7070 | D:4      | Bought a scroll labelled NIWEUCWEAPS for 33 gold pieces
  7070 | D:4      | Bought a green potion for 29 gold pieces
  7070 | D:4      | Bought a sedimented silvery potion for 29 gold pieces
  7070 | D:4      | Bought a sapphire potion for 29 gold pieces
  7070 | D:4      | Bought a scroll labelled GEABRE BIUS for 33 gold pieces
  7070 | D:4      | Bought a scroll labelled SOINYAKHEA for 33 gold pieces
  7639 | D:7      | Noticed Dowan
  7657 | D:7      | Killed Dowan
  7848 | D:7      | Noticed Duvessa
  7850 | D:7      | Noticed Harold
  7853 | D:7      | Killed Duvessa
  7872 | D:7      | Mangled by Harold

Illustrated notes

Levels and vault maps discovered:
D:1:      mushboom_english_gardens, layout_basic, kennysheep_crisscross
D:2:      layout_loops_ring, nicolae_overflow_hidden_temple, grunt_ministairs_3,
          uniq_robin
D:3:      gammafunk_wand_slinger, layout_loops_cross,
          grunt_temple_overflow_opulence
D:4:      layout_rooms, serial_shops, shop, uniq_menkaure, uniq_edmund,
          uniq_natasha
D:5:      layout_loops_cross, nicolae_overflow_quartered_altars,
          roderic_batcave, dk_vineyard_3, st_stairs_12
D:6:      layout_loops_ring, cheibrodos_worm_habitat,
          nicolae_qazlal_general_emergency, minmay_temple_entry_waves,
          uniq_sigmund, uniq_eustachio, uniq_pikel
D:7:      layout_basic, lemuel_round_altar, serial_shops, shop,
          kennysheep_generic_room_15, uniq_duvessa, uniq_harold, uniq_maggie
Temple:   jpeg_temple_alley_garden

Skill      XL: |  1  2  3  4  5  6  7  8  9 |
---------------+----------------------------+-----
Polearms       | 3 4 5 6 8 9 |  9.9
Fighting       | 4 5 6 7 |  7.4
Dodging        | 4 5 6 7 |  7.4
Shields        | |  3.0

Action                   |  1- 3 |  4- 6 |  7- 9 || total
-------------------------+-------+-------+-------++-------
Melee: Trident           |    52 |    58 |   243 ||   353
       Constrict         |     9 |     8 |    36 ||    53
       Tentacles         |     5 |    11 |    37 ||    53
Evoke: Wand              |       |       |     2 ||     2
  Use: Potion            |       |       |     7 ||     7
 Stab: Sleeping          |     5 |     4 |    14 ||    23
Armor: Skin              |     2 |     3 |     3 ||     8
Dodge: Dodged            |    19 |    23 |    93 ||   135
Block: Kite shield       |    15 |    24 |    73 ||   112
